 Dungeon Crawl Stone Soup version 0.21-a0-95-g06f091e (webtiles) character file.

2683 MirrMurr the Cleaver (level 9, -2/82 HPs)
             Began as a Hill Orc Fighter on July 5, 2017.
             Was a Follower of Okawaru.
             Slain by a killer bee (10 damage)
             ... on level 8 of the Dungeon.
             The game lasted 00:16:01 (6886 turns).

MirrMurr the Cleaver (Hill Orc Fighter)             Turns: 6886, Time: 00:16:02

Health: -2/82      AC: 14    Str: 22    XL:     9   Next: 64%
Magic:  9/9        EV:  4    Int:  8    God:    Okawaru [*.....]
Gold:   391        SH:  9    Dex: 10    Spells: 8/8 levels left

rFire    + . .     SeeInvis +   a - +1 war axe
rCold    . . .     Gourm    .   c - +0 shield
rNeg     . . .     Faith    .   I - +0 plate armour
rPois    .         Spirit   .   (no helmet)
rElec    .         Reflect  .   (no cloak)
rCorr    .         Harm     .   C - +0 pair of gloves
MR       .....                  (no boots)
Stlth    ..........             (no amulet)
HPRegen  0.23/turn              s - ring of see invisible
MPRegen  0.11/turn              t - ring of protection from fire

@: lethally poisoned (-2 -> -11), about to teleport
A: no striking features
a: Heroism, Renounce Religion


You were on level 8 of the Dungeon.
You worshipped Okawaru.
Okawaru was aware of your devotion.
You were not hungry.

You visited 2 branches of the dungeon, and saw 9 of its levels.

You collected 391 gold pieces.

Inventory:

Hand Weapons
 a - a +1 war axe (weapon)
 b - a +0 hunting sling
Missiles
 g - 350 stones (quivered)
 h - 23 poisoned needles
 j - 59 sling bullets
Armour
 c - a +0 shield (worn)
 C - a +0 pair of gloves (worn)
 I - a +0 plate armour (worn)
Jewellery
 s - a ring of see invisible (left hand)
 t - a ring of protection from fire (right hand)
 E - an uncursed ring of flight
Wands
 D - a wand of iceblast (8/15)
 G - a wand of flame (20/48)
 H - a wand of lightning (5/15)
Scrolls
 e - 3 scrolls of teleportation
 m - a scroll of remove curse
 q - a scroll of fog
 y - 2 scrolls of blinking
Potions
 n - 5 potions of flight
 o - a potion of magic {unknown}
 p - a potion of brilliance {unknown}
 u - 2 potions of ambrosia
 v - 3 potions of curing
 w - 2 potions of mutation {unknown}
 x - 2 potions of agility
 z - a potion of cancellation {unknown}
 A - a potion of berserk rage {unknown}
 B - 2 potions of haste {unknown}
 F - a potion of degeneration {unknown}
Comestibles
 d - 4 fruits
 f - 9 bread rations
 k - 4 royal jellies
 l - 5 meat rations


   Skills:
 + Level 8.3 Fighting
 * Level 12.1 Axes
 + Level 7.6 Armour
 - Level 3.2 Shields


You had 8 spell levels left.
You didn't know any spells.

Dungeon Overview and Level Annotations

Branches:
Dungeon (8/15)             Temple (1/1) D:6
   Lair: D:8-11

Altars:
Ashenzari
Elyvilon
Fedhas
Gozag
Hepliaklqana
Kikubaaqudgha
Makhleb
Nemelex Xobeh
Okawaru
Qazlal
Ru
Sif Muna
Trog
Uskayaw
Vehumet
Wu Jian
Yredelemnul
Zin
The Shining One

Shops:
D:8 =


Message History

The queen bee calls on the killer bee to defend it!
The killer bee goes berserk!
You hear an angry buzzing noise.
As you read the scroll of teleportation, it crumbles to dust.
You feel strangely unstable.
You feel sick.
The killer bee stings you but does no damage.
The killer bee stings you.
You are more poisoned.
The killer bee poisons you!
The killer bee stings you but does no damage.
You hear an angry buzzing noise.
You feel sick. The killer bee stings you!
* * * LOW HITPOINT WARNING * * *
You block the killer bee's attack.
You feel sick.
The killer bee rages. x2
The killer bee stings you!
* * * LOW HITPOINT WARNING * * *
The killer bee stings you!
You die...

#.# #.# ..# ... #.#
#.######## #........# #.# #@#
#.# #y# #.# #y# #.######y# #
#.#....yy## ## #.(
#########........y####(#...#.
....<...###.####...†.yy......
#######.# #.# #..#####....##
##### #.###.####..#####..###


You could see a queen bee and 5 killer bees.

Vanquished Creatures
  The ghost of ciphuk the Quickloader, a novice KoHu of Dithmenos (D:5)
  Grinder (D:5)
  A hungry ghost (D:8)
  Menkaure (D:4)
  2 sky beasts
  A black bear (D:8)
  A necrophage (D:8)
  3 ogres
  A centaur (D:5)
  A big kobold (D:7)
  2 bullfrogs
  A wyvern zombie (D:8)
  A killer bee (D:8)
  3 scorpions
  A howler monkey (D:4)
  2 crimson imps
  2 quasits
  2 hounds
  3 orc wizards (D:3)
  A bullfrog skeleton (D:7)
  A jelly (D:7)
  Ijyb (D:5)
  An iguana (D:8)
  4 worker ants
  3 hound zombies
  A howler monkey skeleton (D:7)
  8 adders
  A shadow imp (D:5)
  2 oozes (D:1)
  2 adder skeletons
  7 worms
  2 dart slugs
  4 leopard geckos
  11 orcs (D:3)
  4 giant cockroaches
  5 goblins
  2 hobgoblins (D:3)
  6 jackals
  A quokka (D:4)
  4 bats
  5 frilled lizards
  A jackal zombie (D:8)
  12 kobolds
  8 rats
127 creatures vanquished.

Notes
Turn   | Place    | Note
-------+----------+-------------------------------------------
     0 | D:1      | MirrMurr the Hill Orc Fighter began the quest for the Orb.
     0 | D:1      | Reached XP level 1. HP: 19/19 MP: 1/1
    95 | D:1      | Reached skill level 3 in Axes
    95 | D:1      | Reached XP level 2. HP: 25/27 MP: 2/2
   907 | D:2      | Reached skill level 4 in Axes
   907 | D:2      | Reached XP level 3. HP: 33/33 MP: 3/3
  1228 | D:2      | Reached XP level 4. HP: 32/40 MP: 4/4
  1629 | D:2      | Reached skill level 5 in Axes
  1785 | D:3      | Found a white marble altar of Elyvilon.
  2143 | D:3      | Reached XP level 5. HP: 13/47 MP: 5/5
  2657 | D:3      | Reached skill level 6 in Axes
  3153 | D:4      | Reached skill level 5 in Fighting
  3153 | D:4      | Reached XP level 6. HP: 53/56 MP: 6/6
  3433 | D:4      | Noticed Menkaure
  3440 | D:4      | Killed Menkaure
  3440 | D:4      | Reached skill level 7 in Axes
  3678 | D:4      | Reached XP level 7. HP: 61/61 MP: 7/7
  3846 | D:5      | Entered Level 5 of the Dungeon
  3918 | D:5      | Reached skill level 5 in Armour
  3975 | D:5      | Noticed Ijyb
  3983 | D:5      | Killed Ijyb
  4111 | D:5      | Reached skill level 8 in Axes
  4184 | D:5      | Noticed Grinder
  4186 | D:5      | Paralysed by Grinder for 4 turns
  4198 | D:5      | Paralysed by Grinder for 4 turns
  4205 | D:5      | Killed Grinder
  4205 | D:5      | Reached XP level 8. HP: 32/71 MP: 8/8
  4375 | D:5      | Noticed ciphuk's ghost (novice KoHu)
  4390 | D:5      | Killed ciphuk's ghost
  4390 | D:5      | Reached skill level 9 in Axes
  4471 | D:5      | Reached skill level 10 in Axes
  5282 | D:6      | Found a staircase to the Ecumenical Temple.
  5402 | Temple   | Entered the Ecumenical Temple
  5510 | Temple   | Became a worshipper of Warmaster Okawaru
  5823 | D:6      | Reached XP level 9. HP: 79/79 MP: 9/9
  6035 | D:7      | Reached skill level 11 in Axes
  6239 | D:7      | Reached * piety under Okawaru
  6437 | D:8      | Found Podin's Jewellery Boutique.
  6627 | D:8      | Reached skill level 12 in Axes
  6861 | D:8      | Noticed a queen bee
  6886 | D:8      | Slain by a killer bee

Vault maps used:
D:1:      dpeg_arrival_water_temple_mockup, minmay_tetromino_l2
D:2:      kennysheep_crisscross
D:3:      lemuel_round_altar, first_bread
D:4:      lemuel_flame_loot_1, uniq_menkaure
D:5:      uniq_ijyb, uniq_grinder
D:6:      minmay_temple_entry_from_below_a
D:8:      serial_shops, kennysheep_mini_moat, david_nohive_1, uniq_pikel,
          uniq_maurice
Temple:   kilobyte_greek_temple

Skill      XL: |  1  2  3  4  5  6  7  8  9 |
---------------+----------------------------+-----
Axes           | 3 4 5 6 7 8 10 12 | 12.1
Fighting       | 4 5 6 7 8 |  8.3
Armour         | 4 5 6 7 |  7.6
Shields        | |  3.2

Action                   |  1- 3 |  4- 6 |  7- 9 || total
-------------------------+-------+-------+-------++-------
Melee: War axe           |    60 |   135 |   251 ||   446
 Fire: Hunting sling     |    41 |    85 |    73 ||   199
  Use: Scroll            |       |     7 |    12 ||    19
       Potion            |       |       |     1 ||     1
  Eat: Chunk             |     1 |     6 |    12 ||    19
       Fruit             |       |     2 |     1 ||     3
Armor: Scale mail        |     4 |       |       ||     4
       Chain mail        |    36 |    84 |    93 ||   213
       Plate armour      |       |       |    59 ||    59
Dodge: Dodged            |     8 |    23 |    47 ||    78
Block: Shield            |    29 |    66 |   105 ||   200
